 Dungeon Crawl Stone Soup version 0.30-a0-870-gc5d4c5acee (webtiles) character file.

Game seed: 9568487184042264208

364 cforsyth the Covered (level 6, -3/51 HPs)
             Began as a Barachi Fighter on Mar 12, 2023.
             Slain by a lemure (7 damage)
             ... led by Pikel
             ... on level 3 of the Dungeon.
             The game lasted 00:03:27 (3223 turns).

cforsyth the Covered (Barachi Fighter)              Turns: 3223, Time: 00:03:28

Health: -3/51      AC:  7    Str: 20    XL:     6   Next: 67%
Magic:  6/6        EV:  9    Int: 14    God:
Gold:   170        SH:  5    Dex: 11    Spells: 5/5 levels left

rFire   . . .      SeeInvis .    a - +0 war axe
rCold   . . .      Faith    .    c - +0 buckler
rNeg    . . .      Spirit   .    b - +0 scale mail
rPois   .          Reflect  .    (no helmet)
rElec   .          Rampage  .    (no cloak)
rCorr   .                        (no gloves)
Will    .....                    (no boots) Stlth
                                 (no amulet)
HPRegen 0.28/turn                n - +6 ring of intelligence
MPRegen 0.10/turn                (no ring)

@: slow
A: amphibious, slowness 1, strong legs 1, +LOS
a: Hop


You were on level 3 of the Dungeon.
You visited 1 branch of the dungeon, and saw 4 of its levels.

You collected 170 gold pieces.

Inventory:

Hand Weapons
 a - a +0 war axe (weapon)
Armour
 b - a +0 scale mail (worn)
 c - a +0 buckler (worn)
Jewellery
 n - a +6 ring of intelligence (left hand)
Scrolls
 e - 2 scrolls of fog {unknown}
 f - 3 scrolls of vulnerability {unknown}
 g - a scroll of teleportation {unknown}
 i - 4 scrolls of identify {unknown}
 j - a scroll of immolation {unknown}
 l - a scroll of enchant weapon {unknown}
 m - a scroll of poison {unknown}
 o - a scroll of enchant armour {unknown}
Potions
 d - a potion of might
 h - a potion of lignification {unknown}
 k - a potion of heal wounds


   Skills:
 + Level 5.3 Fighting
 + Level 4.1 Axes
 + Level 5.4 Armour
 + Level 4.8 Shields


You had 5 spell levels left.
You didn't know any spells.
Your spell library contained the following spells:

 Spells                   Type           Power      Damage    Failure   Level
 Blade Hands              Tmut           0%         N/A       100%        5
 Irradiate                Conj/Tmut      0%         3d11      100%        5
 Dragon Form              Tmut           0%         N/A       100%        7


Dungeon Overview and Level Annotations

Branches:
Dungeon (4/15)
 Temple: D:4-7

Altars:

Shops:
D:2 [(:[!


Innate Abilities, Weirdness & Mutations

You are amphibious.
You cover ground slowly.
You can hop short distances.
You have an extended range of vision and can be seen from far away.


Message History

You block the orc priest's attack. The lemure hits you.
You slash the orc priest!
You kill the orc priest!
You hit the lemure. The lemure hits you. The lemure barely misses you.
Items here: ))) [ ÷ †.
You closely miss the lemure.
The lemure is severely wounded.
The lemure hits you.
You miss the lemure.
The lemure is severely wounded.
You block the lemure's attack. The lemure hits you!
You closely miss the lemure.
The lemure is severely wounded.
The lemure hits you.
You hit the lemure.
The lemure is severely wounded.
The lemure hits you but does no damage. The lemure hits you!
* * * LOW HITPOINT WARNING * * *
You barely miss the lemure.
The lemure is severely wounded.
The lemure closely misses you.
You closely miss the lemure.
The lemure is severely wounded.
You block the lemure's attack.
You closely miss the lemure.
The lemure is severely wounded.
The lemure barely misses you. You block the lemure's attack.
You hit the lemure.
The lemure is almost dead.
The lemure hits you.
* * * LOW HITPOINT WARNING * * *
You hit the lemure.
The lemure is almost dead.
The lemure hits you.
* * * LOW HITPOINT WARNING * * *
You miss the lemure.
The lemure is almost dead.
The lemure hits you!
You die...

#.....# #.##.###
#.....# #.#...)#
###.### #.#..#.#
#.#######.#..#.#
#.#.......#..#.#
#.#.##########.#
#.#.#..........#
#####.#.#)##########
................@>#
#####.#.#########5#
#.#.# #...# #.#.#
##.### #.#.# #..#
#####.#.# ##.##
#.[.....#####..#####
#..................#
#....)......[..###.#


You could see a lemure.

Vanquished Creatures
  A centaur (D:3)
  2 orc priests (D:3)
  4 orc wizards
  6 adders
  A shadow imp (D:3)
  A dart slug (D:1)
  7 orcs
  9 bats
  4 endoplasms
  5 giant cockroaches
  6 goblins
  3 hobgoblins
  2 jackals (D:3)
  5 kobolds
  A quokka (D:1)
  4 ball pythons
  4 frilled lizards
  4 rats
69 creatures vanquished.

Notes
Turn   | Place    | Note
-------+----------+-------------------------------------------
     0 | D:1      | cforsyth the Barachi Fighter began the quest for the Orb.
     0 | D:1      | Reached XP level 1. HP: 18/18 MP: 1/1
   238 | D:1      | Reached XP level 2. HP: 24/25 MP: 2/2
   491 | D:1      | Found a faded altar of an unknown god.
   990 | D:2      | Found Qegopsih's Weapon Shop.
  1063 | D:2      | Found Xuaquw's Armour Emporium.
  1076 | D:2      | Reached XP level 3. HP: 21/30 MP: 3/3
  1356 | D:2      | Found Vaesash's Armour Emporium.
  1656 | D:2      | Found Ighihufe's Distillery.
  1667 | D:2      | Reached XP level 4. HP: 28/38 MP: 4/4
  1877 | D:2      | Found Gioleas's Book Shoppe.
  2152 | D:3      | Reached XP level 5. HP: 42/43 MP: 5/5
  2587 | D:3      | Noticed a centaur
  2600 | D:3      | Killed a centaur
  2601 | D:3      | Reached skill level 5 in Fighting
  2601 | D:3      | Reached skill level 5 in Armour
  2601 | D:3      | Reached XP level 6. HP: 13/51 MP: 6/6
  3223 | D:3      | Slain by a lemure

Illustrated notes

Levels and vault maps discovered:
D:1:      nagdon_arrival_zigzag_paths, layout_basic,
          dilly_ecumenical_altar_fadedgnrine
D:2:      layout_basic, serial_shops, nicolae_lakefront_shop, shop,
          nicolae_shop_statue_plus, shop, nicolae_shop_window_shopping,
          dreamdust_mushroom_princess
D:3:      layout_basic
D:4:      layout_layer_cave, nicolae_ru_sacrificial_ziggurat,
          minmay_temple_entry_junction, kennysheep_decorative_pillar,
          uniq_pikel, uniq_robin

Skill      XL: |  1  2  3  4  5  6 |
---------------+-------------------+-----
Fighting       | 4 5 |  5.3
Armour         | 4 5 |  5.4
Axes           | 3 4 |  4.1
Shields        | 4 |  4.8

Action                     |  1- 3 |  4- 6 || total
---------------------------+-------+-------++-------
  Melee: War axe           |    81 |   154 ||   235
    Use: Potion            |       |     1 ||     1
 Armour: Scale mail        |    50 |   114 ||   164
  Dodge: Dodged            |    32 |    76 ||   108
  Block: Buckler           |    19 |    42 ||    61

Table legend: (Time is in decaauts)
 A = Elapsed time spent in this place.
 B = Non-inter-level travel time spent in this place.
 C = Inter-level travel time spent in this place.
 D = Time resting spent in this place.
 E = Time spent auto-exploring this place.
 F = Levels seen in this place.
 G = Mean time per level.
                   A        B        C        D        E       F      G
               +--------+--------+--------+--------+--------+-----+--------+
         Total |   3702 |   3559 |    143 |    393 |   2619 |   4 |  925.5 |
       Dungeon |   3702 |   3559 |    143 |    393 |   2619 |   4 |  925.5 |
               +--------+--------+--------+--------+--------+-----+--------+

Top non-repeatable levels by time:
     D:3: 1397 daAuts
     D:1: 1146 daAuts
     D:2: 1144 daAuts
     D:4: 14 daAuts
